 Dungeon Crawl Stone Soup version 0.31-a0-981-geadf994542 (webtiles) character file.

Game seed: 7349018549095900999

56 porpoise the Vexing (level 3, -5/24 HPs)
             Began as a Demonspawn Enchanter on Nov 1, 2023.
             Slain by Grinder (6 damage)
             ... on level 3 of the Dungeon.
             The game lasted 00:06:16 (1623 turns).

porpoise the Vexing (Demonspawn Enchanter)          Turns: 1623, Time: 00:06:17

Health: -5/24      AC:  3    Str:  8    XL:     3   Next: 71%
Magic:  1/6        EV: 12    Int: 18    God:
Gold:   31         SH:  0    Dex: 13    Spells: 1/6 levels left

rFire   . . .        a - +1 dagger
rCold   . . .        (no shield)
rNeg    . . .        b - +0 robe
rPois   .            (no helmet)
rElec   .            (no cloak)
rCorr   .            (no gloves)
SInv    .            g - +0 pair of boots
Will    .....        (no amulet)
Stlth   ++           (no ring)
HPRegen 0.24/turn    (no ring)
MPRegen 0.10/turn

%: no passive effects
@: no status effects
A: weakness stinger 1
a: no special abilities


You were on level 3 of the Dungeon.
You visited 1 branch of the dungeon, and saw 3 of its levels.

You collected 31 gold pieces.

Inventory:

Hand Weapons
 a - a +1 dagger (weapon)
Armour
 b - a +0 robe (worn)
 g - a +0 pair of boots (worn)
Scrolls
 e - a scroll of identify {unknown}
 f - a scroll of vulnerability {unknown}
Potions
 c - 2 potions of invisibility
 d - 2 potions of mutation {unknown}
 h - a potion of lignification {unknown}
 i - a potion of heal wounds {unknown}


   Skills:
 + Level 2.0 Short Blades
 - Level 1.7 Dodging
 - Level 2.6 Stealth
 - Level 2.2 Spellcasting
 + Level 3.6 Hexes
 + Level 1.2 Ice Magic


You had one spell level left.
You knew the following spells:

 Your Spells              Type           Power      Damage    Failure   Level
a - Confusing Touch       Hex            15%        N/A       12%         3
e - Ensorcelled Hibernat  Hex/Ice        20%        N/A       10%         2

Your spell library contained the following spells:

 Spells                   Type           Power      Damage    Failure   Level
 Magic Dart               Conj           4%         1d3       19%         1
 Tukima's Dance           Hex            15%        N/A       12%         3
 Blink                    Tloc           2%         N/A       26%         2
 Call Imp                 Summ           2%         N/A       26%         2
 Lesser Beckoning         Tloc           2%         N/A       26%         2
 Momentum Strike          Conj/Tloc      2%         3d8       26%         2
 Dazzling Flash           Conj/Hex       16%        N/A       26%         3
 Mephitic Cloud           Conj/Pois/Air  1%         N/A       47%         3
 Conjure Ball Lightning   Conj/Air       0%         3x3d6     100%        6
 Discord                  Hex            7%         N/A       100%        8
 Disjunction              Tloc           0%         N/A       100%        8


Dungeon Overview and Level Annotations

Branches:
Dungeon (3/15)

Altars:

Annotations:
D:2 Robin, Sigmund
D:3 Grinder


Innate Abilities, Weirdness & Mutations

You have a small tail.


Message History

Nothing appears to happen.
Casting: Confusing Touch (quite dangerous; 12% risk of failure)
Confirm with . or Enter, or press ? or * to list all spells.
Your hands begin to glow red.
You hit Grinder but do no damage. Grinder misses you.
You hit Grinder but do no damage.
Grinder appears confused.
Grinder closely misses you.
You completely miss Grinder. Grinder closely misses you.
Grinder barely misses herself.
Your magical contamination has completely faded away.
You barely miss Grinder.
You catch the helpless Grinder completely off-guard!
You hit Grinder.
Grinder is lightly wounded.
Grinder hits you.
You writhe in agony.
You hit Grinder. You tail-slap Grinder.
Grinder is moderately wounded.
Grinder seems less confused.
Grinder barely misses you.
You see here 5 large rocks.
You barely miss Grinder.
Grinder is moderately wounded.
Grinder barely misses you.
You hit Grinder.
Grinder is moderately wounded.
Grinder completely misses you.
You barely miss Grinder.
Grinder is moderately wounded.
You hit Grinder but do no damage.
Your tail-slap misses Grinder.
Grinder is moderately wounded.
Grinder gestures at you. Pain shoots through your body!
Ouch! That really hurt!
* * * LOW HITPOINT WARNING * * *
You hit Grinder.
Grinder is moderately wounded.
Grinder hits you.
* * * LOW HITPOINT WARNING * * *
You writhe in agony.
You die...
Grinder says, "Now the real fun starts!"

###########
#....)....#
#.#######.#
#.# #†#.#
#.#####.#.# #
#......<#.#
#.#########.#
#.5@........#
#############


You could see Grinder.

Vanquished Creatures
  A gnoll (D:1)
  An adder (D:2)
  A worm (D:2)
  3 endoplasms (D:1)
  4 goblins
  8 hobgoblins
  3 jackals (D:1)
  A quokka (D:1)
  3 ball pythons
  A bat (D:1)
  A frilled lizard (D:1)
  2 kobolds (D:1)
29 creatures vanquished.

Notes
Turn   | Place    | Note
-------+----------+-------------------------------------------
     0 | D:1      | porpoise the Demonspawn Enchanter began the quest for the
                  | Orb.
     0 | D:1      | Reached XP level 1. HP: 13/13 MP: 3/3
   149 | D:1      | Reached skill level 1 in Short Blades
   353 | D:1      | Gained mutation: You have a small tail. [demonic ancestry]
   353 | D:1      | Reached XP level 2. HP: 19/19 MP: 5/5
   356 | D:1      | Learned a level 2 spell: Ensorcelled Hibernation
   364 | D:1      | Found a faded altar of an unknown god.
  1120 | D:1      | Reached XP level 3. HP: 9/24 MP: 1/6
  1185 | D:1      | Learned a level 3 spell: Confusing Touch
  1196 | D:2      | Noticed Robin
  1250 | D:2      | Noticed Sigmund
  1288 | D:2      | Reached skill level 1 in Ice Magic
  1329 | D:2      | HP: 1/24 [worm (10)]
  1601 | D:3      | Noticed Grinder
  1623 | D:3      | HP: 1/24 [Grinder (2)]
  1623 | D:3      | Slain by Grinder

Illustrated notes

Levels and vault maps discovered:
D:1:      dpeg_arrival_rhombi, layout_basic, ebering_ecumenical_altar_mist,
          lemuel_flame_loot_1
D:2:      layout_basic, solitary_fountain, uniq_robin, uniq_crazy_yiuf_cottage,
          uniq_sigmund
D:3:      lemuel_castle_with_subvaults [lemuel_castle_interior_carwin_1],
          layout_basic, solitary_fountain, interstate_on_off, uniq_natasha,
          uniq_grinder, uniq_ijyb

Skill      XL: |  1  2  3 |
---------------+----------+-----
Short Blades   | 1 2 |  2.0
Ice Magic      | 1 |  1.2
Dodging        | |  1.7
Stealth        | |  2.6
Spellcasting   | |  2.2
Hexes          | |  3.6

Action                     || total
---------------------------++-------
  Melee: Dagger            ||   106
         Tailslap          ||    10
         Punch             ||     1
   Cast: Ensorcelled Hiber ||     4
         Confusing Touch   ||     2
   Stab: Sleeping          ||     8
         Confused          ||     2
 Armour: Robe              ||    36
  Dodge: Dodged            ||    53

Table legend: (Time is in decaauts)
 A = Elapsed time spent in this place.
 B = Non-inter-level travel time spent in this place.
 C = Inter-level travel time spent in this place.
 D = Time resting spent in this place.
 E = Time spent auto-exploring this place.
 F = Levels seen in this place.
 G = Mean time per level.
                   A        B        C        D        E       F      G
               +--------+--------+--------+--------+--------+-----+--------+
         Total |   1617 |   1559 |     58 |    636 |    424 |   3 |  539.0 |
       Dungeon |   1617 |   1559 |     58 |    636 |    424 |   3 |  539.0 |
               +--------+--------+--------+--------+--------+-----+--------+

Top non-repeatable levels by time:
     D:1: 1383 daAuts
     D:2: 188 daAuts
     D:3: 45 daAuts
